 Dungeon Crawl Stone Soup version 0.31-a0-636-ge1c0e020e0 (webtiles) character file.

Game seed: 5451984355237342682

10075 thirtiethelement the Cleaver (level 11, -1/86 HPs)
             Began as a Demonspawn Fighter on Aug 27, 2023.
             Slain by an orc warrior
             ... wielding a +1 heavy glaive
              (19 damage)
             ... on level 10 of the Dungeon.
             The game lasted 00:21:29 (9253 turns).

thirtiethelement the Cleaver (Demonspawn Fighter)   Turns: 9253, Time: 00:21:30

Health: -1/86      AC: 26    Str: 26    XL:     11   Next: 31%
Magic:  11/11      EV:  4    Int: 10    God:
Gold:   549        SH:  6    Dex: 17    Spells: 10/10 levels left

rFire   + . .        K - +4 war axe "Sougask" {freeze, Fragile +Blink Dex+4}
rCold   . . .        c - +0 buckler
rNeg    . . .        e - +0 crystal plate armour
rPois   .            j - +1 helmet
rElec   .            z - +0 cloak
rCorr   .            (no gloves)
SInv    .            g - +0 pair of boots
Will    .....        (no amulet) Stlth
                     o - ring of protection from fire
HPRegen 0.34/turn    s - +6 ring of strength
MPRegen 0.12/turn

%: no passive effects
@: no status effects
A: claws 1, yellow scales 1, demonic guardian 1, ignite blood 1, fangs 1, wild
magic 1
a: Evoke Blink


You were on level 10 of the Dungeon.
You visited 2 branches of the dungeon, and saw 11 of its levels.
You also visited: Sewer and Ossuary.

You collected 549 gold pieces.

Inventory:

Hand Weapons
 a - a +1 spectral war axe
 J - the +6 sling of Due Proportion {freeze, rN+}
   (You found it on level 8 of the Dungeon)

   rN+:       It protects you from negative energy.
 K - the +4 war axe "Sougask" (weapon) {freeze, Fragile +Blink Dex+4}
   (You found it on level 9 of the Dungeon)

   Dex+4:     It affects your dexterity (+4).
   +Blink:    It lets you blink.
   Fragile:   It will be destroyed if unequipped.
Missiles
 m - 16 poisoned darts (quivered)
 R - 11 curare-tipped darts
Armour
 c - a +0 buckler (worn)
 e - a +0 crystal plate armour (worn)
 g - a +0 pair of boots (worn)
 j - a +1 helmet (worn)
 l - the +2 robe of Gravitas {Str+3}
   (You found it on level 2 of the Dungeon)

   Str+3:     It affects your strength (+3).
 z - a +0 cloak (worn)
Jewellery
 i - a ring of fire
 k - a ring of resist corrosion
 o - a ring of protection from fire (left claw)
 s - a +6 ring of strength (right claw)
 H - a ring of protection from cold
 I - an amulet of magic regeneration
Wands
 n - a wand of mindburst (14)
 w - a wand of flame (70)
 D - a wand of paralysis (7)
 Q - a wand of roots (5)
Scrolls
 b - 3 scrolls of vulnerability
 h - 2 scrolls of revelation
 q - 2 scrolls of blinking
 t - a scroll of fear
 y - 3 scrolls of fog
 B - a scroll of teleportation
 C - a scroll of enchant weapon
 E - a scroll of brand weapon
 G - 2 scrolls of silence
 N - 4 scrolls of identify
 O - a scroll of poison
 P - a scroll of enchant armour
Potions
 d - 3 potions of might
 f - a potion of berserk rage
 p - 7 potions of curing
 r - 4 potions of brilliance
 u - 2 potions of mutation
 v - a potion of cancellation
 x - a potion of resistance
 A - a potion of haste
 F - 2 potions of magic
 L - a potion of heal wounds
 M - a potion of lignification


   Skills:
 + Level 8.0 Fighting
 + Level 12.2 Axes
 + Level 1.0 Throwing
 + Level 7.8 Armour
 + Level 1.7 Stealth
 + Level 5.1 Shields
 + Level 0.2 Evocations


You had 10 spell levels left.
You didn't know any spells.
Your spell library contained the following spells:

 Spells                   Type           Power      Damage    Failure   Level
 Static Discharge         Conj/Air       0%         2-2/arc   100%        2
 Wereblood                Tmut           0%         N/A       100%        2
 Vhi's Electric Charge    Tloc/Air       0%         N/A       100%        3
 Airstrike                Air            0%         2d(0-16)  100%        4
 Animate Dead             Necr           0%         N/A       100%        4
 Summon Lightning Spire   Summ/Air       0%         N/A       100%        4
 Arcjolt                  Conj/Air       0%         1d10      100%        5
 Borgnjor's Vile Clutch   Necr/Erth      0%         N/A       100%        5
 Irradiate                Conj/Tmut      0%         3d11      100%        5
 Summon Forest            Summ/Tloc      0%         N/A       100%        5
 Summon Mana Viper        Hex/Summ       0%         N/A       100%        5
 Death Channel            Necr           0%         N/A       100%        6
 Plasma Beam              Fire/Air       0%         2x1d10    100%        6
 Summon Cactus Giant      Summ           0%         N/A       100%        6


Dungeon Overview and Level Annotations

Branches:
Dungeon (10/15)            Temple (1/1) D:6            Lair (0/5) D:8
  Sewer (visited)         Ossuary (visited)
    Orc: D:9-12

Altars:
Ashenzari
Cheibriados
Dithmenos
Fedhas
Gozag
Hepliaklqana
Kikubaaqudgha
Makhleb
Nemelex Xobeh
Okawaru
Qazlal
Ru
Sif Muna
Trog
Uskayaw
Vehumet
Wu Jian
Xom
Yredelemnul


Innate Abilities, Weirdness & Mutations

You have sharp fingernails.
You are partially covered in yellow scales. (AC +2)
A weak demonic guardian rushes to your aid.
Your demonic aura sometimes causes spilled blood to erupt in flames.
You have very sharp teeth.
Your spells are a little harder to cast, but a little more powerful.


Message History

You kill the ogre!
You hit the orc warrior. You freeze the orc warrior. You hit the orc warrior.
You freeze the orc warrior.
The orc hits your shadow imp with a +0 hand axe.
Your Fighting skill increases to level 8!
You hit the orc warrior but do no damage.
You bite the orc warrior, but do no damage.
The orc warrior is moderately wounded.
You slash the orc warrior! You freeze the orc warrior.
Your shadow imp hits the orc.
You block the orc warrior's attack. The orc misses your shadow imp.
The orc warrior hits you with a +0 halberd.
* * * LOW HITPOINT WARNING * * *
You closely miss the orc warrior.
The orc warrior is moderately wounded.
You hit the orc warrior but do no damage.
Your shadow imp hits the orc.
The orc dies!
Unknown command.
You closely miss the orc warrior.
The orc warrior is moderately wounded.
You hit the orc warrior. You freeze the orc warrior.
The orc hits your shadow imp with a +0 short sword.
The orc warrior hits you with a +0 halberd.
* * * LOW HITPOINT WARNING * * *
The orc warrior hits you with a +1 heavy glaive.
* * * LOW HITPOINT WARNING * * *
Your shadow imp hits the orc warrior but does no damage.
You slash the orc warrior! You freeze the orc warrior.
Your bite misses the orc warrior.
The orc warrior is almost dead.
You hit the orc warrior but do no damage.
The orc is engulfed in blazing flames.
You kill the orc!
An ogre comes into view. It is wielding a +0 giant spiked club.
You block the orc warrior's attack.
Your shadow imp gestures at the orc warrior.
The orc warrior struggles to resist.
The orc warrior hits you with a +1 heavy glaive!!
You die...

#.##..##..#
##.
#.#..###..#
#.. #.#.##
#..######..
#.#.#
#......>...
#.#.#
#.######...
#.#.#
#...###....
#...#
###..##.##.
###.####
##....##.
#.o@)..#
#...#####
#.o5o..#
#.#######
#.○)...#
#......).
###....#
#########
O....#
#...$#
#....#
######


You could see 2 orc warriors, an ogre, an orc and a friendly shadow imp
(summoned).

Vanquished Creatures
  Erica (D:8)
  2 two-headed ogres
  Sonja (D:10)
  A cyclops (D:7)
  A hornet (D:9)
  A shadow (D:7)
  6 yaks
  A vampire (D:9)
  A wyvern (D:9)
  2 steam dragons (D:6)
  Menkaure (D:5)
  An acid dragon (D:8)
  2 water moccasins
  6 orc warriors
  2 ice beasts (D:7)
  A sky beast (D:6)
  6 black bears
  2 ogres (D:10)
  A phantom (D:4)
  A centaur (D:10)
  A kobold brigand (D:9)
  A gnoll sergeant (D:6)
  4 bullfrogs
  2 scorpions
  9 wights (D:8)
  12 killer bees
  3 electric eels (D:7)
  4 howler monkeys
  5 centaur zombies (Ossuary)
  3 hounds
  A jelly (D:7)
  4 orc priests
  2 sleepcaps (D:4)
  Terence (D:2)
  2 iguanas
  12 orc wizards
  6 mummies (Ossuary)
  Robin (D:4)
  5 gnolls (D:6)
  8 adders
  A river rat (D:3)
  An ufetubus (D:4)
  2 worms
  3 dart slugs
  36 orcs
  12 ball pythons
  15 bats
  10 endoplasms
  3 giant cockroaches
  10 goblins
  10 hobgoblins
  3 jackals (D:5)
  4 quokkas
  3 frilled lizards
  2 hobgoblin zombies (Ossuary)
  10 kobolds
  6 rats
257 creatures vanquished.

Vanquished Creatures (collateral kills)
  A gargoyle (D:9)
  A wight (D:8)
  An orc (D:10)
3 creatures vanquished.

Vanquished Creatures (others)
  Maurice (D:8)
1 creature vanquished.

Grand Total: 261 creatures vanquished

Notes
Turn   | Place    | Note
-------+----------+-------------------------------------------
     0 | D:1      | thirtiethelement the Demonspawn Fighter began the quest for
                  | the Orb.
     0 | D:1      | Reached XP level 1. HP: 18/18 MP: 1/1
   117 | D:1      | Found a faded altar of an unknown god.
   143 | D:1      | Gained mutation: Your demonic aura sometimes causes spilled
                  | blood to erupt in flames. [demonic ancestry]
   143 | D:1      | Reached XP level 2. HP: 23/24 MP: 2/2
   555 | D:1      | Reached skill level 2 in Axes
   753 | D:2      | Gained mutation: You are partially covered in yellow
                  | scales. (AC +2) [demonic ancestry]
   753 | D:2      | Reached XP level 3. HP: 23/29 MP: 3/3
   996 | D:2      | Noticed Terence
  1007 | D:2      | Killed Terence
  1008 | D:2      | Reached XP level 4. HP: 35/36 MP: 4/4
  1214 | D:2      | Reached skill level 3 in Axes
  1333 | D:2      | Identified the +2 robe of Gravitas {Str+3}
  1406 | D:3      | Reached XP level 5. HP: 29/42 MP: 5/5
  1698 | D:3      | Found a glowing drain.
  1702 | Sewer    | Entered a sewer
  1735 | Sewer    | Noticed a water moccasin
  1750 | Sewer    | Killed a water moccasin
  1751 | Sewer    | Reached skill level 4 in Axes
  1751 | Sewer    | Reached XP level 6. HP: 38/48 MP: 6/6
  2396 | D:4      | Found a snail-covered altar of Cheibriados.
  2563 | D:4      | Reached skill level 5 in Axes
  2563 | D:4      | Reached XP level 7. HP: 50/55 MP: 7/7
  2700 | D:4      | Found a stormy altar of Qazlal.
  2866 | D:4      | Noticed Robin
  2878 | D:4      | Killed Robin
  3377 | D:5      | Entered Level 5 of the Dungeon
  3463 | D:5      | Noticed Menkaure
  3484 | D:5      | Killed Menkaure
  3485 | D:5      | Reached skill level 6 in Axes
  3748 | D:5      | Reached skill level 5 in Fighting
  3873 | D:6      | Reached XP level 8. HP: 47/62 MP: 8/8
  3974 | D:6      | Found a staircase to the Ecumenical Temple.
  3981 | D:6      | Reached skill level 7 in Axes
  4002 | Temple   | Entered the Ecumenical Temple
  4490 | D:6      | Reached skill level 8 in Axes
  4490 | D:6      | Reached skill level 5 in Armour
  4831 | D:7      | Reached XP level 9. HP: 66/69 MP: 9/9
  5188 | D:7      | Found a hazy altar of Hepliaklqana.
  5263 | D:7      | Reached skill level 9 in Axes
  5592 | D:7      | Noticed a cyclops
  5621 | D:7      | Killed a cyclops
  6043 | D:8      | Found a sand-covered staircase.
  6050 | Ossuary  | Entered an ossuary
  6143 | D:8      | Gained mutation: Your system is resistant to poisons.
                  | (rPois) [potion of mutation]
  6217 | D:8      | Noticed Maurice
  6225 | D:8      | Noticed Erica
  6231 | D:8      | Killed Maurice
  6232 | D:8      | Reached skill level 10 in Axes
  6235 | D:8      | Killed Erica
  6236 | D:8      | Gained mutation: A weak demonic guardian rushes to your
                  | aid. [demonic ancestry]
  6236 | D:8      | Reached XP level 10. HP: 60/77 MP: 10/10
  6436 | D:8      | Found a staircase to the Lair.
  6454 | D:8      | Found a basalt altar of Yredelemnul.
  6504 | D:8      | Found a burning altar of Makhleb.
  6504 | D:8      | Noticed an Executioner
  6653 | D:8      | Reached skill level 11 in Axes
  6813 | D:8      | Identified the +6 sling of Due Proportion {freeze, rN+}
  7005 | D:9      | Noticed a two-headed ogre
  7012 | D:9      | Identified the +4 war axe "Sougask" {freeze, Fragile +Blink
                  | Dex+4}
  7023 | D:9      | Killed a two-headed ogre
  7252 | D:9      | Found an ornate altar of the Wu Jian Council.
  7290 | D:9      | Noticed a gargoyle
  7321 | D:9      | Killed a gargoyle
  7931 | D:9      | Reached skill level 5 in Shields
  7935 | D:9      | Reached skill level 1 in Stealth
  7987 | D:9      | Lost mutation: Your system is resistant to poisons. (rPois)
                  | [potion of mutation]
  7987 | D:9      | Gained mutation: You are clumsy. (Dex -2) [potion of
                  | mutation]
  7987 | D:9      | Gained mutation: Your movements are slightly less
                  | encumbered by armour. (ER -2) [potion of mutation]
  7988 | D:9      | Lost mutation: You are clumsy. (Dex -2) [potion of
                  | mutation]
  7988 | D:9      | Lost mutation: Your movements are slightly less encumbered
                  | by armour. (ER -2) [potion of mutation]
  7988 | D:9      | Gained mutation: You have very sharp teeth. [potion of
                  | mutation]
  7988 | D:9      | Gained mutation: Your spells are a little harder to cast,
                  | but a little more powerful. [potion of mutation]
  8189 | D:10     | Entered Level 10 of the Dungeon
  8206 | D:10     | Gained mutation: You have sharp fingernails. [demonic
                  | ancestry]
  8206 | D:10     | Reached XP level 11. HP: 82/85 MP: 11/11
  8389 | D:10     | Noticed a two-headed ogre
  8400 | D:10     | Killed a two-headed ogre
  8401 | D:10     | Reached skill level 12 in Axes
  8478 | D:10     | Found a blossoming altar of Fedhas.
  8580 | D:10     | Noticed Sonja
  8596 | D:10     | Paralysed by Sonja for 5 turns
  8820 | D:10     | Paralysed by Sonja for 4 turns
  9051 | D:10     | Killed Sonja
  9239 | D:10     | Reached skill level 1 in Throwing
  9253 | D:10     | Slain by an orc warrior

Illustrated notes

Levels and vault maps discovered:
D:1:      nzn_arrival_depleted_hourglass, layout_basic,
          ebering_ecumenical_altar_mist, nrook_mini_backslash
D:2:      layout_rooms, uniq_terence
D:3:      layout_basic, nicolae_tso_carved_into_rock, gup_sewer_entry_bowl,
          kennysheep_generic_room_5
D:4:      black_bear_nest_1, layout_loops_corners, cheibriados_altar_1,
          nicolae_overflow_crystal_walls, minmay_misc_feat_rows, moated_statue,
          serial_bayou_lagoon_a, uniq_robin
D:5:      layout_basic, lemuel_crystal_altar, chequers_serial_rivers_micro_a,
          uniq_menkaure
D:6:      layout_gridville, minmay_temple_entry_water_ring, grunt_decor_cap
D:7:      cheibrodos_two_vegetables, layout_loops_ring,
          worldfamousw_hep_ancestral_shrine
D:8:      layout_rooms, makhleb_altar_promises_db,
          nicolae_overflow_hidden_temple, grunt_lair_entry_orc_guard_hut,
          nicolae_ossuary_entry_monument, dk_vineyard_2,
          kennysheep_another_room, uniq_erica, uniq_maurice
D:9:      layout_roguey, mainiacjoe_overflow_surrounded_room,
          kennysheep_generic_room_13
D:10:     layout_rooms, mainiacjoe_overflow_six_doors_small, special_room
          [special_room_orc], uniq_sonja
Temple:   dshaligram_water_room_temple

Skill      XL: |  1  2  3  4  5  6  7  8  9 10 11 |
---------------+----------------------------------+-----
Armour         | 3 4 5 6 7 |  7.8
Axes           | 2 3 4 5 6 8 10 11 12 | 12.2
Shields        | 3 4 5 |  5.1
Fighting       | 4 5 6 7 8 |  8.0
Stealth        | 1 |  1.7
Throwing       | 1 |  1.0
Evocations     | |  0.2

Action                     |  1- 3 |  4- 6 |  7- 9 | 10-12 || total
---------------------------+-------+-------+-------+-------++-------
  Melee: War axe           |   103 |   133 |   354 |   189 ||   779
         Bite              |       |       |       |    10 ||    10
  Throw: Dart              |       |     4 |       |     9 ||    13
  Evoke: Wand              |       |       |       |     3 ||     3
    Use: Scroll            |       |     8 |     7 |     4 ||    19
         Potion            |       |       |    11 |     2 ||    13
   Stab: Distracted        |       |       |       |     1 ||     1
         Paralysed         |       |       |       |     2 ||     2
 Armour: Crystal plate arm |    98 |   168 |   344 |   140 ||   750
  Dodge: Dodged            |     3 |    16 |    60 |    32 ||   111
  Block: Buckler           |    20 |    38 |    70 |    43 ||   171

Table legend: (Time is in decaauts)
 A = Elapsed time spent in this place.
 B = Non-inter-level travel time spent in this place.
 C = Inter-level travel time spent in this place.
 D = Time resting spent in this place.
 E = Time spent auto-exploring this place.
 F = Levels seen in this place.
 G = Mean time per level.
                   A        B        C        D        E       F      G
               +--------+--------+--------+--------+--------+-----+--------+
         Total |   9454 |   9257 |    197 |   1099 |   5969 |  13 |  727.2 |
       Dungeon |   9258 |   9061 |    197 |   1099 |   5957 |  10 |  925.8 |
        Temple |      1 |      1 |      0 |      0 |      0 |   1 |    1.0 |
         Sewer |    102 |    102 |      0 |      0 |     12 |   1 |  102.0 |
       Ossuary |     92 |     92 |      0 |      0 |      0 |   1 |   92.0 |
               +--------+--------+--------+--------+--------+-----+--------+

Top non-repeatable levels by time:
     D:9: 1656 daAuts
     D:7: 1245 daAuts
     D:4: 1209 daAuts
     D:6: 991 daAuts
     D:8: 817 daAuts
     D:3: 782 daAuts
     D:1: 755 daAuts
    D:10: 679 daAuts
     D:2: 646 daAuts
     D:5: 473 daAuts
   Sewer: 102 daAuts
 Ossuary: 92 daAuts
  Temple: 1 daAuts
